 Dungeon Crawl Stone Soup version 0.27-a0-406-g23f261fbd2 (webtiles) character file.

Game seed: 15006908814847062939

274701 wampuh the Severer (level 19, -2/179 HPs)
             Began as a Minotaur Berserker on Feb 23, 2021.
             Was a High Priest of Trog.
             Shot with a bolt by a naga sharpshooter (6 damage)
             ... on level 4 of the Snake Pit.
             The game lasted 01:12:10 (39553 turns).

wampuh the Severer (Minotaur Berserker)            Turns: 39553, Time: 01:12:10

Health: -2/179     AC: 31    Str: 36    XL:     19   Next: 92%
Magic:  18/18      EV: 15    Int:  6    God:    Trog [*****.]
Gold:   1403       SH: 12    Dex:  8    Spells: 18/18 levels left

rFire    + + +     SeeInvis +   a - +9 broad axe (flame)
rCold    + + .     Faith    .   J - +2 buckler of Virtue {Str+7 Int+2 Dex-3 SInv}
rNeg     + . .     Spirit   .   m - +6 storm dragon scales {Bai Suzhen}
rPois    +         Reflect  +   V - +2 hat "Zimm" {rF++}
rElec    +         Harm     .   T - scarf {rC+ rF+}
rCorr    .         Rampage  .   P - +2 pair of gloves
Will     +++..                  B - +0 pair of boots {Stlth+}
Stlth    ..........             U - amulet of reflection
HPRegen  1.39/turn              p - ring of protection from cold
MPRegen  0.16/turn              n - ring "Kyamit" {rPois rN+}

@: lethally poisoned (-2 -> -3), about to teleport, regenerating (expiring)
A: retaliatory headbutt, horns 2
}: 1/15 runes: decaying
a: Renounce Religion, Berserk, Trog's Hand, Brothers in Arms


You were on level 4 of the Snake Pit.
You worshipped Trog.
Trog was extremely pleased with you.
You visited 6 branches of the dungeon, and saw 34 of its levels.
You visited the Abyss 1 time.
You also visited: Ice Cave.

You collected 3869 gold pieces.
You spent 2466 gold pieces at shops.

Inventory:

Hand Weapons
 a - a +9 broad axe of flaming (weapon)
 b - a +9 hand crossbow of freezing
 F - a +3 antimagic broad axe
Missiles
 g - 644 bolts
 X - 2 throwing nets
Armour
 m - +6 storm dragon scales (worn) {Bai Suzhen}
 B - a +0 pair of boots of stealth (worn)
 J - the +2 buckler of Virtue (worn) {Str+7 Int+2 Dex-3 SInv}
   (You bought it in a shop on level 2 of the Orcish Mines)

   It affects your strength (+7).
   It affects your intelligence (+2).
   It affects your dexterity (-3).
   It lets you see invisible.
 P - a +2 pair of gloves (worn)
 T - a scarf of resistance (worn)
 V - the +2 hat "Zimm" (worn) {rF++}
   (You acquired it on level 13 of the Dungeon)

   It greatly protects you from fire.
Jewellery
 f - a +6 ring of strength
 n - the ring "Kyamit" (right hand) {rPois rN+}
   (You bought it in a shop on level 1 of the Snake Pit)

   [ring of positive energy]

   It protects you from poison.
   It protects you from negative energy.
 p - a ring of protection from cold (left hand)
 U - an amulet of reflection (around neck)
Wands
 i - a wand of paralysis (9)
 q - a wand of polymorph (15)
 w - a wand of random effects (20)
 A - a wand of flame (148)
 C - a wand of iceblast (33)
 G - a wand of digging (8)
 O - a wand of acid (17)
 W - a wand of charming (8)
Scrolls
 c - 9 scrolls of magic mapping
 e - 22 scrolls of teleportation
 h - 6 scrolls of fear
 k - 5 scrolls of immolation
 l - 7 scrolls of fog
 o - 4 scrolls of silence
 s - a scroll of enchant weapon
 v - 5 scrolls of holy word
 y - a scroll of blinking
 M - 2 scrolls of enchant armour
 R - 6 scrolls of identify
 S - a scroll of brand weapon
Potions
 d - a potion of cancellation
 j - 6 potions of haste
 r - 19 potions of curing
 t - 2 potions of berserk rage
 u - 7 potions of attraction
 z - 9 potions of flight
 D - a potion of invisibility
 E - 3 potions of magic
 H - 5 potions of might
 I - 7 potions of heal wounds
 K - 4 potions of lignification
 L - 9 potions of mutation
 Q - 2 potions of ambrosia
Miscellaneous
 x - a phantom mirror
 N - a lightning rod (4/4)
 Z - a condenser vane


   Skills:
 + Level 18.2 Fighting
 - Level 19.7(20.0) Axes
 - Level 5.9(14.4) Polearms
 * Level 9.3 Crossbows
 - Level 17.9 Armour
 - Level 17.4 Dodging
 - Level 9.2 Shields
 - Level 12.0 Evocations


You had 18 spell levels left.
You didn't know any spells.
Your spell library was empty.

Dungeon Overview and Level Annotations

Branches:
Dungeon (15/15)            Temple (0/1) D:4            Lair (6/6) D:10
  Swamp (4/4) Lair:4        Snake (4/4) Lair:4        Slime (0/5) Lair:6
    Orc (2/2) D:9             Elf (0/3) Orc:2        Vaults (0/5) D:13
 Depths (3/5) D:15          IceCv (visited)

Altars:
Ashenzari
Cheibriados
Dithmenos
Okawaru
Qazlal
Ru
Trog
Wu Jian
Xom
Yredelemnul
The Shining One
Beogh

Shops:
D:5 ?   Orc:2 ([!   Snake:1 ?:=?:=   Snake:3 (   Snake:4 (*::   Depths:1 !!:
Depths:2 (

Portals:
Hell: Depths:1 Depths:2 Depths:3
Pandemonium: Depths:3
Ziggurat: Depths:1
Trove: Depths:2 (give horn of Geryon)

Annotations:
D:3 1 runed translucent door, tinescath's ghost, amateur GnAM
Lair:3 1 runed translucent door, Sizxitze's ghost, journeyman MfMo
Lair:4 exclusion: oklob plant
Lair:5 1 runed translucent door, Gaergho's ghost, journeyman DrAK


Innate Abilities, Weirdness & Mutations

You reflexively headbutt those who attack you in melee.
You have a pair of horns on your head.


Message History

The splash of poison hits you but does no damage.
You resist. The naga mage constricts you.
The naga sharpshooter gestures wildly while chanting.
The naga sharpshooter magically shoots a bolt.
The bolt barely misses you.
The naga sharpshooter spits poison at you.
The splash of poison reflects off an invisible shield around you!
The splash of poison hits the naga sharpshooter.
Okay, then.
As you read the scroll of teleportation, it crumbles to dust.
You feel strangely unstable.
You feel the effects of Trog's Hand fading.
The naga mage spits poison at you. The splash of poison misses you.
The splash of poison hits the naga sharpshooter but does no damage.
The naga mage misses you. You furiously retaliate!
You headbutt the naga mage!
* * * LOW HITPOINT WARNING * * *
The naga mage constricts you.
The naga ritualist mumbles some strange words.
The naga ritualist begins to radiate toxic energy.
* * * LOW HITPOINT WARNING * * *
The naga sharpshooter spits poison at you.
The splash of poison reflects off an invisible shield around you!
The splash of poison hits the naga sharpshooter.
The naga sharpshooter gestures wildly while chanting.
The naga sharpshooter shoots an arrow.
The arrow hits you but does no damage.
The naga sharpshooter casts a spell.
The naga sharpshooter magically shoots an arrow.
The arrow hits you but does no damage.
You escape the naga mage's grasp.
* * * LOW HITPOINT WARNING * * *
You are poisoned.
The naga sharpshooter shoots a bolt.
You reflect the bolt off an invisible shield around you!
The bolt hits the naga sharpshooter!
The naga sharpshooter casts a spell.
The naga sharpshooter magically shoots a bolt.
The bolt hits you!!
* * * LOW HITPOINT WARNING * * *
You die...

#...### ##.### #..# ####
######### ##### #..# #...
#...#...####...# ####..# #...
#.......#......###.....# #...
#.......#......##....#########
####...##...#...N..######.....
####...####.@#.####..)...:...
#.......))))N))N)N..####....#
###....#####N####N..###.....#
##.......#N# #...##.......
#....###.#N####...#.....##.
###....# #.......N#.......##.
#......###..#####...####..##.
#####...##........# #...####..##.
#...#...##....#...###............


You could see 4 naga sharpshooters, 2 naga ritualists and 2 naga magi.

Vanquished Creatures
  the Lernaean hydra (Swamp:4)
  Bai Suzhen (Depths:1)
  Nikola (Swamp:2)
  A bone dragon (Abyss:1)
  Jorgrun (D:12)
  A lich (Depths:2)
  An Executioner (Abyss:1)
  Kirke (D:12)
  Agnes (D:15)
  A thorn hunter (Swamp:1)
  Roxanne (Snake:4)
  4 frost giants
  3 fire giants
  3 nagarajas (Snake:4)
  An iron dragon (Depths:3)
  4 orc warlords
  A balrug (Depths:2)
  3 very ugly things (Depths:1)
  4 stone giants
  A green draconian (Depths:2)
  Nessos (D:12)
  A deep elf annihilator (Depths:2)
  5 bunyips
  5 ettins
  An eidolon (Abyss:1)
  3 jiangshi (Depths:1)
  Snorg (D:11)
  A shambling mangrove (Swamp:2)
  5 fire dragons
  3 great orbs of eyes
  2 yaktaur captains (Depths:2)
  Josephine (D:13)
  7 naga warriors
  2 ice dragons (Depths:1)
  A rakshasa (Depths:2)
  3 vault guards (D:13)
  A boulder beetle (D:13)
  4 ogre magi
  3 centaur warriors
  15 anacondas
  Erica (D:11)
  27 hydras
  A two-headed ogre (shapeshifter) (Depths:1)
  6 alligators
  14 two-headed ogres
  A deep troll earth mage (Depths:1)
  Urug (D:11)
  6 vampire magi
  4 deep troll shamans (Depths:1)
  7 spriggan berserkers
  2 tengu warriors (Depths:2)
  The ghost of Utud the Gelid, a journeyman DEIE of Vehumet (D:14)
  5 orc high priests
  2 thrashing horrors (Abyss:1)
  7 shock serpents
  14 naga sharpshooters
  A deep elf knight (Swamp:3)
  Sonja (D:13)
  2 sun demons (Depths:2)
  18 spriggans
  A salamander mystic (Depths:2)
  A soul eater (Depths:3)
  Nergalle (D:12)
  3 wretched stars (Abyss:1)
  A death drake (Swamp:2)
  An iron troll (Depths:1)
  A flayed ghost (Depths:2)
  11 deep trolls
  3 unseen horrors
  3 spriggan druids
  A glowing orange brain (Depths:2)
  7 goliath frogs
  A shadow demon (Depths:3)
  9 swamp dragons
  A bog body (Swamp:1)
  3 naga ritualists
  10 orc knights
  2 wizards (D:15)
  2 necromancers
  3 phantasmal warriors (Depths:2)
  A deep elf pyromancer (D:14)
  7 orc sorcerers
  An oklob plant (Snake:2)
  3 deep elf zephyrmancers (Depths:2)
  A manticore (shapeshifter) (Depths:2)
  3 manticores
  3 mana vipers
  4 salamanders (Snake:4)
  32 ugly things
  5 centaur zombies
  A worldbinder (Abyss:1)
  Maurice (D:8)
  3 cyclopes
  A moth of wrath (D:14)
  7 will-o-the-wisps
  8 elephants (Lair:6)
  2 rust devils (Depths:3)
  29 black mambas
  18 naga magi
  3 smoke demons (Abyss:1)
  4 guardian serpents
  A torpor snail (Lair:4)
  An ice statue (IceCv)
  12 cane toads
  5 centaur skeletons
  An efreet (D:14)
  9 yaktaurs
  4 kobold demonologists
  3 rime drakes
  An ice devil (Depths:3)
  9 komodo dragons
  A troll (shapeshifter) (D:15)
  2 ancient zymes (Abyss:1)
  5 trolls
  20 polar bears
  19 hornets
  Grinder (D:6)
  9 tyrant leeches
  5 dream sheep (Lair:6)
  17 blink frogs
  A raiju (Abyss:1)
  9 slime creatures
  Sigmund (D:2)
  4 shadows
  A centaur simulacrum (D:14)
  A ynoxinul (Abyss:1)
  7 wyverns
  6 water elementals
  2 vampires
  4 basilisks
  56 yaks
  6 wraiths
  Eustachio (D:4)
  A chaos spawn (Abyss:1)
  3 hogs (D:12)
  7 humans (D:13)
  A neqoxec (Abyss:1)
  2 steam dragons (Lair:6)
  13 vampire mosquitoes
  2 wargs
  Edmund (D:6)
  A soldier ant (D:13)
  19 swamp worms
  3 acid dragons
  54 nagas
  15 water moccasins
  6 black bears
  Purgy (D:4)
  37 orc warriors
  5 ice beasts
  3 sky beasts
  3 large abominations (Abyss:1)
  2 eyes of draining
  2 necrophages
  13 swamp drakes
  17 wolves
  17 ogres
  8 boggarts (Depths:1)
  11 centaurs
  5 phantoms
  7 kobold brigands
  14 bullfrogs
  Blork the orc (D:4)
  A wyvern zombie (D:14)
  An earth elemental (Abyss:1)
  A wyvern skeleton (D:15)
  A water moccasin skeleton (D:5)
  3 small abominations (Abyss:1)
  A troll zombie (D:9)
  9 scorpions
  7 killer bees
  7 wights
  An electric eel (Lair:6)
  6 howler monkeys
  4 bullfrog zombies
  9 jellies
  12 hounds
  17 orc priests
  A bullfrog skeleton (D:13)
  10 iguanas
  21 orc wizards
  7 hell rats (Lair:1)
  9 worker ants
  5 ogre zombies (D:9)
  2 hound zombies
  2 hound skeletons
  A howler monkey zombie (D:9)
  2 worker ant zombies
  15 adders
  9 gnolls
  A shadow imp (D:6)
  18 white imps
  4 ufetubi
  6 oozes
  An adder zombie (D:5)
  An adder skeleton (D:10)
  4 worms
  5 leopard geckos
  86 orcs
  A ball python (D:3)
  4 bats
  3 giant cockroaches
  16 goblins
  7 hobgoblins
  28 jackals
  6 quokkas
  2 frilled lizards (D:4)
  2 goblin skeletons (D:9)
  3 goblin zombies (D:9)
  2 hobgoblin zombies (D:9)
  31 kobolds
  A leopard gecko skeleton (D:4)
  4 orc skeletons (D:9)
  8 orc zombies (D:9)
  A quokka zombie (D:10)
  12 rats
1342 creatures vanquished.

Vanquished Creatures (collateral kills)
  A titan (Depths:2)
  An ettin (Depths:2)
  Harold (D:8)
  A hydra (Swamp:4)
  A naga warrior (Snake:4)
  A wizard (Depths:2)
  A guardian serpent (Snake:4)
  A naga mage (Snake:4)
  2 wights (D:8)
10 creatures vanquished.

Vanquished Creatures (others)
  A fenstrider witch (Swamp:2)
  An ogre mage (Depths:2)
  2 humans (D:13)
  3 bushes (Lair:1)
  30 foxfires
  21 fungi
  A lurking horror (Abyss:1)
  79 plants
  3 withered plants
141 creatures vanquished.

Grand Total: 1493 creatures vanquished

Notes
Turn   | Place    | Note
-------+----------+-------------------------------------------
     0 | D:1      | wampuh the Minotaur Berserker began the quest for the Orb.
     0 | D:1      | Reached XP level 1. HP: 19/19 MP: 0/0
   108 | D:1      | Reached skill level 4 in Axes
   108 | D:1      | Reached XP level 2. HP: 27/27 MP: 1/1
   898 | D:2      | Reached XP level 3. HP: 32/33 MP: 2/2
   953 | D:2      | Reached ** piety under Trog
   979 | D:2      | Noticed Sigmund
  1000 | D:2      | Killed Sigmund
  1001 | D:2      | Reached skill level 5 in Axes
  1001 | D:2      | Reached XP level 4. HP: 24/41 MP: 3/3
  1001 | D:2      | Reached XP level 5. HP: 28/47 MP: 4/4
  1640 | D:3      | Reached XP level 6. HP: 54/54 MP: 5/5
  1741 | D:3      | Found a runed translucent door.
  1741 | D:3      | Noticed tinescath's ghost (amateur GnAM)
  1819 | D:3      | Reached skill level 6 in Axes
  2191 | D:4      | Noticed Purgy
  2198 | D:4      | Killed Purgy
  2199 | D:4      | Reached skill level 5 in Fighting
  2202 | D:4      | Noticed Eustachio
  2412 | D:4      | Killed Eustachio
  2413 | D:4      | Reached XP level 7. HP: 61/61 MP: 6/6
  2430 | D:4      | Found a staircase to the Ecumenical Temple.
  2499 | D:4      | Found a broken altar of Ashenzari.
  2499 | D:4      | Found a glowing golden altar of the Shining One.
  2499 | D:4      | Found an ornate altar of the Wu Jian Council.
  2529 | D:4      | Found a sacrificial altar of Ru.
  2585 | D:4      | Reached skill level 7 in Axes
  2613 | D:4      | Reached *** piety under Trog
  2671 | D:4      | Reached skill level 5 in Armour
  2906 | D:4      | Noticed Blork the orc
  2915 | D:4      | Killed Blork the orc
  3082 | D:5      | Entered Level 5 of the Dungeon
  3093 | D:5      | Reached skill level 8 in Axes
  3093 | D:5      | Reached skill level 5 in Dodging
  3100 | D:5      | Found Dutax's Magic Scroll Shoppe.
  3122 | D:5      | Bought a scroll of identify for 20 gold pieces
  3122 | D:5      | Bought a scroll of identify for 20 gold pieces
  3122 | D:5      | Bought a scroll of teleportation for 30 gold pieces
  3122 | D:5      | Bought a scroll of identify for 20 gold pieces
  3122 | D:5      | Bought a scroll of fog for 20 gold pieces
  3224 | D:5      | Reached XP level 8. HP: 70/70 MP: 7/7
  3236 | D:5      | Reached skill level 9 in Axes
  3661 | D:5      | Reached skill level 10 in Axes
  3877 | D:6      | Noticed Grinder
  3891 | D:6      | Paralysed by Grinder for 2 turns
  3898 | D:6      | Killed Grinder
  3899 | D:6      | Reached skill level 11 in Axes
  3987 | D:6      | Noticed Edmund
  4006 | D:6      | Killed Edmund
  4007 | D:6      | Reached XP level 9. HP: 75/75 MP: 8/8
  4289 | D:6      | Reached skill level 12 in Axes
  4291 | D:6      | Reached **** piety under Trog
  4864 | D:7      | Found a shimmering altar of Xom.
  5141 | D:7      | Found a bloodstained altar of Trog.
  5193 | D:7      | Reached skill level 13 in Axes
  5642 | D:7      | Found an iron altar of Okawaru.
  5712 | D:8      | Noticed Maurice
  5745 | D:8      | Killed Maurice
  5746 | D:8      | Reached skill level 14 in Axes
  5764 | D:7      | Reached skill level 1 in Evocations
  6121 | D:8      | Reached XP level 10. HP: 84/84 MP: 9/9
  6479 | D:8      | Reached ***** piety under Trog
  6487 | D:8      | Reached skill level 1 in Shields
  6494 | D:8      | Noticed Harold
  6535 | D:8      | Killed Harold
  7003 | D:8      | Found a stormy altar of Qazlal.
  7722 | D:9      | Found a staircase to the Orcish Mines.
  8375 | D:9      | Found a basalt altar of Yredelemnul.
  8572 | D:10     | Entered Level 10 of the Dungeon
  8706 | D:10     | Noticed a two-headed ogre
  8715 | D:10     | Killed a two-headed ogre
  8799 | D:10     | Found a staircase to the Lair.
  8811 | D:10     | Reached XP level 11. HP: 94/94 MP: 10/10
  8845 | D:10     | Received a gift from Trog
  9693 | D:11     | Reached skill level 5 in Evocations
  9701 | D:11     | Noticed a seven-headed hydra
  9702 | D:11     | Noticed Snorg
  9718 | D:11     | Killed a seven-headed hydra
  9727 | D:11     | Killed Snorg
  9885 | D:11     | Found a frozen archway.
  9905 | IceCv    | Entered an ice cave
  9929 | IceCv    | Reached skill level 10 in Armour
  9932 | IceCv    | Reached skill level 10 in Fighting
  9985 | IceCv    | Received a gift from Trog
 10149 | IceCv    | Reached XP level 12. HP: 44/106 MP: 11/11
 10229 | IceCv    | Reached skill level 10 in Dodging
 10412 | IceCv    | Noticed a frost giant
 10424 | IceCv    | Killed a frost giant
 10484 | IceCv    | Got an encrusted great mace
 10500 | IceCv    | Identified the +8 great mace "Zunled" {drain, Dex+5} (You
                  | found it in an ice cave)
 10666 | D:11     | Reached skill level 15 in Axes
 10843 | D:11     | Noticed Urug
 10847 | D:11     | Noticed a six-headed hydra
 10852 | D:11     | Killed Urug
 10858 | D:11     | Killed a nine-headed hydra
 10951 | D:11     | Noticed Erica
 10976 | D:11     | Killed Erica
 11152 | D:11     | Got a fading long sword
 11180 | D:11     | Identified the +7 long sword "Zyno Sul" {antimagic, rElec
                  | rF+ Str-2 SInv} (You found it on level 11 of the Dungeon)
 11680 | Lair:1   | Entered Level 1 of the Lair of Beasts
 11717 | Lair:1   | You fall into a shaft and drop 1 floor!
 11725 | Lair:2   | Reached skill level 16 in Axes
 12189 | Lair:1   | Reached XP level 13. HP: 113/113 MP: 12/12
 12643 | Lair:1   | Reached ****** piety under Trog
 12663 | Lair:1   | Reached skill level 17 in Axes
 13062 | Lair:2   | Received a gift from Trog
 13079 | Lair:2   | Got a bloodstained robe
 14158 | Lair:3   | Found the +8 whip "Snakebite" {curare, rPois}
 14367 | Lair:3   | Found a runed translucent door.
 14367 | Lair:3   | Found a shimmering altar of Xom.
 14367 | Lair:3   | Noticed Sizxitze's ghost (journeyman MfMo)
 14729 | Lair:4   | Found a staircase to the Swamp.
 14754 | Lair:4   | Found a staircase to the Snake Pit.
 14866 | Lair:4   | Found a runed translucent door.
 15046 | Lair:4   | Reached skill level 5 in Shields
 16070 | Lair:5   | Found a runed translucent door.
 16429 | Lair:5   | Got a bloodstained hunting sling
 16431 | Lair:5   | Identified the +2 hunting sling of the Spectre {speed,
                  | Int+6} (You found it on level 5 of the Lair of Beasts)
 16800 | Lair:5   | Noticed Gaergho's ghost (journeyman DrAK)
 16823 | Lair:6   | Entered Level 6 of the Lair of Beasts
 17022 | Lair:6   | Reached XP level 14. HP: 122/122 MP: 13/13
 17172 | Lair:6   | Found a snail-covered altar of Cheibriados.
 17268 | Lair:6   | Received a gift from Trog
 17319 | Lair:6   | Found a staircase to the Slime Pits.
 17713 | Lair:6   | Reached skill level 18 in Axes
 18207 | D:12     | Noticed Nergalle
 18215 | D:12     | Killed Nergalle
 18265 | D:12     | Noticed Kirke
 18309 | D:12     | Noticed Jorgrun
 18328 | D:12     | Killed Jorgrun
 18658 | D:12     | Noticed Nessos
 18676 | D:12     | Killed Nessos
 18679 | D:12     | Killed Kirke
 18847 | D:12     | Got a masterwork buckler
 18858 | D:12     | Identified the -3 buckler of Fanaticism {Will+} (You found
                  | it on level 12 of the Dungeon)
 19836 | D:13     | Received a gift from Trog
 19899 | D:13     | Noticed Josephine
 19911 | D:13     | Killed Josephine
 20378 | D:13     | Noticed Sonja
 20402 | D:13     | Cast into level 1 of the Abyss (Sonja)
 20404 | Abyss:1  | Found a corrupted altar of Lugonu.
 20540 | Abyss:1  | Noticed an ironheart preserver
 20542 | Abyss:1  | Noticed an ironheart preserver
 20570 | Abyss:1  | Noticed a starcursed mass
 20595 | Abyss:1  | Found a corrupted altar of Lugonu.
 20638 | Abyss:1  | Reached XP level 15. HP: 132/133 MP: 3/11
 20700 | Abyss:1  | Reached skill level 10 in Evocations
 20716 | Abyss:1  | Noticed a bone dragon
 20760 | Abyss:1  | Killed a bone dragon
 20970 | Abyss:1  | Noticed an Executioner
 20977 | Abyss:1  | Killed an Executioner
 20980 | D:13     | Escaped the Abyss
 20994 | D:13     | Killed Sonja
 21175 | D:13     | Received a gift from Trog
 21332 | D:13     | Found a gate to the Vaults.
 21698 | D:13     | Identified a scroll of acquirement
 21700 | D:13     | Acquired the +2 hat "Zimm" {rF++}
 22048 | D:14     | Found a glowing golden altar of the Shining One.
 22162 | D:14     | Found a transporter.
 22192 | D:14     | Identified the +8 demon trident "Guuracw" {antimagic,
                  | +Blink +Rage rC++}
 22193 | D:14     | Found a transporter.
 22197 | D:14     | Noticed Utud's ghost (journeyman DEIE)
 22223 | D:14     | Found a bloodstained altar of Trog.
 22931 | D:14     | Killed Utud's ghost
 22935 | D:14     | Reached skill level 19 in Axes
 23067 | D:15     | Entered Level 15 of the Dungeon
 23151 | D:15     | Reached skill level 1 in Polearms
 23461 | D:15     | Found a staircase to the Depths.
 23573 | D:15     | Noticed Agnes
 23583 | D:15     | Killed Agnes
 23967 | D:15     | Received a gift from Trog
 23992 | D:15     | Reached XP level 16. HP: 139/145 MP: 5/15
 24416 | Orc:1    | Entered Level 1 of the Orcish Mines
 24664 | Orc:2    | Entered Level 2 of the Orcish Mines
 24691 | Orc:2    | Found a roughly hewn altar of Beogh.
 24847 | Orc:2    | Found a roughly hewn altar of Beogh.
 25015 | Orc:2    | Found a staircase to the Elven Halls.
 25121 | Orc:2    | Reached skill level 5 in Polearms
 25268 | Orc:2    | Found Reiju's Antique Weapon Shoppe.
 25269 | Orc:2    | Found a roughly hewn altar of Beogh.
 25270 | Orc:2    | Found Anatacs's Antique Armour Emporium.
 25289 | Orc:2    | Bought a pair of glowing boots for 225 gold pieces
 25289 | Orc:2    | Bought a dazzling buckler for 285 gold pieces
 25310 | Orc:2    | Identified the +2 buckler of Virtue {Str+7 Int+2 Dex-3
                  | SInv} (You bought it in a shop on level 2 of the Orcish
                  | Mines)
 25353 | Orc:2    | Found a roughly hewn altar of Beogh.
 25375 | Orc:2    | Found Kiteohair's General Store.
 25434 | Orc:2    | Found a roughly hewn altar of Beogh.
 25442 | Orc:2    | Found Narishrakh's Distillery.
 25507 | Orc:2    | Found a roughly hewn altar of Beogh.
 25913 | Depths:1 | Entered Level 1 of the Depths
 25916 | Depths:1 | Received a gift from Trog
 25919 | Depths:1 | Noticed Bai Suzhen
 25938 | Depths:1 | Killed Bai Suzhen
 26098 | Depths:1 | Paralysed by an ogre mage for 2 turns
 26156 | Depths:1 | Found a broken altar of Ashenzari.
 26433 | Depths:1 | Reached skill level 15 in Armour
 26437 | Depths:1 | Reached skill level 15 in Fighting
 26575 | Depths:1 | Found a gateway to a ziggurat.
 26592 | Depths:1 | Found Gegelicy's Distillery.
 26597 | Depths:1 | Found Zemuwus's Distillery.
 26967 | Depths:1 | Reached XP level 17. HP: 156/156 MP: 5/16
 27028 | Depths:1 | Found Ekhuq's Book Emporium.
 27312 | Depths:1 | Received a gift from Trog
 27313 | Depths:1 | Reached skill level 15 in Dodging
 27604 | Depths:1 | Found a gateway to Hell.
 27700 | Depths:2 | Found a portal to a secret trove of treasure.
 27735 | Depths:2 | Found Udiqoij's Antique Weapon Boutique.
 27857 | Depths:2 | You fall into a shaft and drop 1 floor!
 28605 | Depths:2 | Noticed a lich
 28620 | Depths:2 | Killed a lich
 28748 | Depths:2 | Noticed a titan
 28769 | Depths:2 | Killed a titan
 28828 | Depths:2 | Got a crude granite ring
 28829 | Depths:2 | Identified the ring "Athidu" {Wiz *Corrode Dex+4} (You
                  | found it on level 2 of the Depths)
 28858 | Depths:2 | Identified the +2 great mace of the Doomed Warrior {flame,
                  | rPois Will+ Int+9} (You found it on level 2 of the Depths)
 29262 | Depths:2 | Reached XP level 18. HP: 99/166 MP: 5/17
 29733 | Depths:3 | Found a one-way gate leading to the halls of Pandemonium.
 30401 | Swamp:1  | Entered Level 1 of the Swamp
 30819 | Swamp:1  | Received a gift from Trog
 31480 | Swamp:2  | Found a glowing golden altar of the Shining One.
 31577 | Swamp:2  | Noticed Nikola
 31595 | Swamp:2  | Killed Nikola
 31833 | Swamp:2  | Received a gift from Trog
 32939 | Swamp:4  | Entered Level 4 of the Swamp
 33158 | Swamp:4  | Noticed the 27-headed Lernaean hydra
 33181 | Swamp:4  | Killed the 22-headed Lernaean hydra
 33247 | Swamp:4  | Received a gift from Trog
 33569 | Swamp:4  | Reached XP level 19. HP: 156/177 MP: 18/18
 33628 | Swamp:4  | Got a decaying rune of Zot
 34149 | Snake:1  | Entered Level 1 of the Snake Pit
 34149 | Snake:1  | Found Ulakko's Book Shop.
 34169 | Snake:1  | Found Kiadoweno's Magic Scroll Shoppe.
 34271 | Snake:1  | Found Egamiz's Jewellery Emporium.
 34278 | Snake:1  | Found Lilumoto's Book Shop.
 34278 | Snake:1  | Found Ihugar's Jewellery Emporium.
 34279 | Snake:1  | Found Oklimn's Jewellery Emporium.
 34294 | Snake:1  | Bought the ring "Kyamit" {rPois rN+} for 468 gold pieces
 34294 | Snake:1  | Bought an amulet of reflection for 450 gold pieces
 34433 | Snake:1  | Found a shadowy altar of Dithmenos.
 34573 | Snake:1  | Found Xumoplod's Magic Scroll Emporium.
 35493 | Snake:1  | Received a gift from Trog
 35668 | Snake:1  | Got an encrusted bardiche
 35674 | Snake:1  | Identified the +5 bardiche "Hoamm" {spect, *Drain +Inv rF-
                  | rC+ Str+9} (You found it on level 1 of the Snake Pit)
 36646 | Snake:3  | Found Roexticw's Antique Weapon Shop.
 36651 | Snake:3  | Bought a runed hand crossbow for 279 gold pieces
 36797 | Snake:3  | Reached skill level 1 in Crossbows
 37341 | Snake:3  | Received a gift from Trog
 37542 | Snake:3  | Reached skill level 5 in Crossbows
 38060 | Snake:4  | Entered Level 4 of the Snake Pit
 38172 | Snake:4  | Noticed Roxanne
 38197 | Snake:4  | Killed Roxanne
 38548 | Snake:4  | Found Wasuipteu's Book Boutique.
 38548 | Snake:4  | Found Weessen's Antique Weapon Shop.
 38549 | Snake:4  | Found Zeasixui's General Store.
 38553 | Snake:4  | Found Aso Woroitu's Book Boutique.
 38606 | Snake:4  | Bought a scroll of brand weapon for 300 gold pieces
 38621 | Snake:4  | Bought a +3 hand crossbow of freezing for 349 gold pieces
 39484 | Snake:4  | Received a gift from Trog
 39553 | Snake:4  | HP: 4/179 [naga sharpshooter/bolt (21)]
 39553 | Snake:4  | Shot with a bolt by a naga sharpshooter

Illustrated notes

Levels and vault maps discovered:
D:1:      doesnt_arrival_eight_statues, layout_basic, chequers_garden
D:2:      layout_rooms, uniq_sigmund
D:3:      layout_rooms, gammafunk_ghost_grave, mrwooster_statue_mirror
D:4:      layout_rooms, nicolae_ru_the_path_less_chosen,
          gammafunk_temple_overflow_forgotten, minmay_temple_entry_large_hall,
          grunt_ministairs_14, uniq_eustachio, uniq_purgy, uniq_blork_the_orc
D:5:      cheibrodos_two_vegetables, layout_cave_pools, serial_shops,
          shop_fountains
D:6:      layout_loops_ring, minmay_ogre_servants, uniq_edmund, uniq_grinder
D:7:      layout_cave_pools, nicolae_overflow_hidden_temple,
          okawaru_altar_gauntlet_db, tgw_xom
D:8:      layout_basic, basic_altar, uniq_harold, uniq_maurice
D:9:      layout_irregular_city, yredelemnul_altar_generic, zombieorc1_lemuel
D:10:     layout_basic, david_lair_generic
D:11:     layout_long_grid, portal_ice_cave_entry_imps, minivault_5, uniq_snorg,
          uniq_urug, uniq_erica
D:12:     layout_layer_cave, hangedman_little_slice_of_home, uniq_nessos,
          uniq_nergalle, uniq_kirke, uniq_jorgrun
D:13:     layout_roguey, ximxim_vaults_locker_room, uniq_sonja, uniq_josephine
D:14:     minmay_angry_zag, layout_basic, basic_altar,
          gammafunk_ghost_wrathful_warriors
D:15:     grunt_enter_depths_magical_seal, layout_long_grid, uniq_agnes
Lair:1:   layout_loops_ring, grunt_megastairs_1
Lair:2:   layout_cave_pods, lemuel_fruit_tree
Lair:3:   minmay_guarded_unrand_snakebite, layout_chaotic_city,
          ebering_ghost_xom, infiniplex_staircase_pool_2, grunt_megastairs_3
Lair:4:   minmay_lair_oklob_tunnel, layout_cave_pods, minmay_swamp_entry_swarm,
          minmay_snake_entry_guardpost_small, pf_torpor_hydra
Lair:5:   layout_cellular_growth, gammafunk_ghost_grave, serial_bayou_crossing
Lair:6:   guppyfry_lair_end_dragon, layout_regular_city, wormcave,
          minmay_slime_entry_pillars, basic_altar, guppyfry_lair_drakes,
          serial_bayou_shore_a
Swamp:1:  layout_basic_swamp, wheals_swamp_sinkhole
Swamp:2:  layout_basic_swamp, nicolae_swamp_godswood, uniq_nikola
Swamp:3:  cheibrodos_swamp_heart_of_darkness, layout_basic_swamp,
          evilmike_swamp_ruin_wall
Swamp:4:  swamp_old_school, layout_basic_swamp, infiniplex_staircase_pool
Snake:1:  onia_ninara_swampy_vault, layout_chambers, basic_altar, serial_shops,
          nicolae_shop_waterfront, nicolae_shop_stone,
          nicolae_shop_temple_entry_statues_fountains, shop, drop_trap,
          hangedman_snake_corridor_cut, minmay_shop_grove
Snake:2:  dpeg_oklob_gauntlet, layout_rooms, drop_trap
Snake:3:  layout_cave_shapes, special_room, serial_shops, shop
Snake:4:  snake_pit, layout_misc_corridors, minmay_shoptagon, uniq_roxanne
Orc:1:    layout_caves
Orc:2:    grunt_orc_community_town_hall, layout_caves,
          grunt_orc_community_big_house_2, grunt_orc_community_big_house_2,
          grunt_orc_community_house_1, grunt_orc_community_house_2,
          grunt_orc_community_house_3, grunt_orc_community_house_1,
          grunt_orc_community_house_3, grunt_orc_community_house_2,
          minmay_orc_barracks
Depths:1: layout_roguey, enter_ziggurat_b, skrybe_limestone_x,
          grunt_hell_entry_dis_old, serial_shops, shop, nicolae_water_bricks,
          evilmike_ruin_ashenzari, minmay_shop_star, uniq_bai_suzhen
Depths:2: hangedman_six_sided_sadism, layout_basic, serial_shops, shop,
          kennysheep_decorative_pillar, enter_trove_0, lightli_too_deep
Depths:3: lemuel_traditional_vault, layout_basic, rand_demon_pan_entry_1,
          hell_entry, nicolae_twisting_strands, infiniplex_staircase_squiggle

Skill      XL: |  1  2  3  4  5  6  7  8  9 10 11 12 13 14 15 16 17 18 19 |
---------------+----------------------------------------------------------+-----
Axes           | 4 5 6 8 11 14 16 17 18 19 | 19.7
Fighting       | 4 5 6 8 10 12 13 15 16 17 18 | 18.2
Armour         | 3 4 5 8 10 12 13 15 16 17 | 17.9
Dodging        | 3 4 5 7 9 10 12 13 14 16 17 | 17.4
Evocations     | 1 3 5 8 9 10 11 12 | 12.0
Shields        | 4 6 9 |  9.2
Polearms       | 3 5 |  5.9
Crossbows      | 9 |  9.3

Action                   |  1- 3 |  4- 6 |  7- 9 | 10-12 | 13-15 | 16-18 | 19-21 || total
-------------------------+-------+-------+-------+-------+-------+-------+-------++-------
Melee: Hand axe          |    75 |    78 |   352 |   241 |       |       |       ||   746
       Headbutt          |    12 |     7 |   102 |   162 |   248 |   382 |    94 ||  1007
       Battleaxe         |       |       |       |   249 |   209 |       |       ||   458
       Broad axe         |       |       |       |    63 |   471 |   228 |   449 ||  1211
       Scimitar          |       |       |       |       |    18 |       |       ||    18
       Demon trident     |       |       |       |       |   163 |  1253 |     4 ||  1420
       War axe           |       |       |       |       |   115 |    42 |       ||   157
 Fire: Hand crossbow     |       |       |       |       |       |       |     3 ||     3
Invok: Berserk           |     2 |     4 |     4 |    11 |    18 |     7 |     3 ||    49
       Trog's Hand       |       |     2 |     4 |     7 |     8 |    10 |     4 ||    35
       Brothers in Arms  |       |       |       |     1 |       |     3 |     2 ||     6
Evoke: Wand              |       |       |       |     3 |     1 |       |       ||     4
       Lightning rod     |       |       |       |       |       |     3 |       ||     3
       Condenser vane    |       |       |       |       |       |     2 |       ||     2
  Use: Scroll            |       |       |    16 |     7 |     9 |    20 |    12 ||    64
       Potion            |       |       |       |     4 |       |       |     3 ||     7
 Stab: Paralysed         |       |       |       |       |     1 |       |       ||     1
       Distracted        |       |       |       |       |       |     1 |       ||     1
Armor: Animal skin       |     5 |       |       |       |       |       |       ||     5
       Chain mail        |    27 |    40 |    85 |   233 |   296 |       |       ||   681
       Plate armour      |       |       |    75 |       |    83 |    97 |       ||   255
       Storm dragon scal |       |       |       |       |       |   372 |   204 ||   576
Dodge: Dodged            |    39 |    41 |   154 |   328 |   513 |   643 |   228 ||  1946
Block: Buckler           |       |       |       |    42 |   143 |   351 |   264 ||   800
       Reflection        |       |       |       |       |       |       |    44 ||    44
       Rpst.: Scimitar   |       |       |       |       |     6 |       |       ||     6

Table legend: (Time is in decaauts)
 A = Elapsed time spent in this place.
 B = Non-inter-level travel time spent in this place.
 C = Inter-level travel time spent in this place.
 D = Time resting spent in this place.
 E = Time spent auto-exploring this place.
 F = Levels seen in this place.
 G = Mean time per level.
                   A        B        C        D        E       F      G
               +--------+--------+--------+--------+--------+-----+--------+
         Total |  39324 |  36573 |   2751 |   6629 |  22668 |  36 | 1092.3 |
       Dungeon |  17528 |  16113 |   1415 |   3319 |   9958 |  15 | 1168.5 |
          Lair |   6561 |   5744 |    817 |    526 |   4404 |   6 | 1093.5 |
         Swamp |   3575 |   3385 |    190 |    472 |   2240 |   4 |  893.8 |
     Snake Pit |   5303 |   5168 |    135 |    947 |   3381 |   4 | 1325.8 |
  Orcish Mines |   1203 |   1096 |    107 |     85 |    636 |   2 |  601.5 |
        Depths |   3778 |   3693 |     85 |    812 |   1851 |   3 | 1259.3 |
         Abyss |    614 |    614 |      0 |    242 |     29 |   1 |  614.0 |
      Ice Cave |    759 |    759 |      0 |    223 |    166 |   1 |  759.0 |
               +--------+--------+--------+--------+--------+-----+--------+

Top non-repeatable levels by time:
    D:12: 1730 daAuts
Depths:2: 1681 daAuts
 Snake:1: 1634 daAuts
     D:8: 1551 daAuts
    D:13: 1546 daAuts
Depths:1: 1539 daAuts
    D:11: 1481 daAuts
 Snake:4: 1464 daAuts
    D:10: 1403 daAuts
 Snake:3: 1382 daAuts
    D:15: 1374 daAuts
    D:14: 1338 daAuts
     D:9: 1317 daAuts
 Swamp:4: 1273 daAuts
  Lair:4: 1223 daAuts
